 Dungeon Crawl Stone Soup version 0.25-a0-310-g60f0ac2d9a (webtiles) character file.

Game seed: 14731225462208674602, levelgen mode: classic

8710 Borgoz the Protected (level 11, -26/67 HPs)
             Began as a Gargoyle Gladiator on Dec 23, 2019.
             Was a Believer of Ashenzari.
             Annihilated by a white ugly thing (35 damage)
             ... on level 9 of the Dungeon.
             The game lasted 00:16:28 (10955 turns).

Borgoz the Protected (Gargoyle Gladiator)          Turns: 10955, Time: 00:16:29

Health: -26/67     AC: 20    Str: 18    XL:     11   Next: 35%
Magic:  14/14      EV: 16    Int:  9    God:    Ashenzari [**....]
Gold:   503        SH:  0    Dex: 14    Spells: 15/15 levels left

rFire    . . .     SeeInvis .   a - +0 long sword (curse)
rCold    . . .     Gourm    .   (no shield)
rNeg     + . .     Faith    .   b - +0 leather armour
rPois    ∞         Spirit   .   c - +0 helmet
rElec    +         Reflect  .   D - +2 cloak {+Inv} (curse)
rCorr    .         Harm     .   (no gloves)
MR       .....                  e - +0 pair of boots
Stlth    +.........             (no amulet)
HPRegen  0.21/turn              p - +2 ring of protection
MPRegen  0.14/turn              (no ring)

@: no status effects
A: negative energy resistance 1, electricity resistance, unbreathing,
petrification resistance, rot immunity, AC +8
a: Curse Item, Scrying, Renounce Religion, Evoke Invisibility


You were on level 9 of the Dungeon.
You worshipped Ashenzari.
Ashenzari was pleased with you.
You were not hungry.

You visited 2 branches of the dungeon, and saw 10 of its levels.
You also visited: Bailey.

You collected 503 gold pieces.

Inventory:

Hand Weapons
 a - a cursed +0 long sword (weapon)
Missiles
 E - 2 throwing nets (quivered)
Armour
 b - a +0 leather armour (worn)
 c - a +0 helmet (worn)
 e - a +0 pair of boots (worn)
 D - a cursed +2 cloak of invisibility (worn)
Jewellery
 m - an uncursed ring of see invisible
 p - a +2 ring of protection (left hand)
 v - an uncursed ring of magical power
Wands
 y - a wand of random effects (14)
 A - a wand of acid (3)
 I - a wand of disintegration (17)
 J - a wand of flame (24)
Scrolls
 i - 3 scrolls of teleportation {unknown}
 n - 4 scrolls of remove curse
 r - 3 scrolls of amnesia
 u - a scroll of fog {unknown}
 x - 2 scrolls of blinking {unknown}
 C - a scroll of fear {unknown}
 F - a scroll of vulnerability {unknown}
 H - a scroll of holy word {unknown}
Potions
 d - a potion of berserk rage
 g - 2 potions of ambrosia {unknown}
 h - a potion of haste
 j - a potion of might
 k - 3 potions of flight {unknown}
 l - 4 potions of degeneration {unknown}
 o - 2 potions of brilliance {unknown}
 q - 2 potions of curing
 s - 3 potions of cancellation
 t - a potion of lignification
 w - 3 potions of agility {unknown}
 z - 5 potions of magic {unknown}
 B - 3 potions of mutation
 G - 5 potions of heal wounds
Comestibles
 f - 20 rations
 K - 4 chunks of flesh


   Skills:
 * Level 7.2 Fighting
 * Level 8.8(11.0) Long Blades
 - Level 1.7 Throwing
 * Level 9.9 Armour
 * Level 8.0 Dodging
 - Level 2.5 Spellcasting
   Level 2.5 Hexes
 + Level 2.7 Evocations


You had 15 spell levels left.
You didn't know any spells.
Your spell library contained the following spells:

 Spells                   Type           Power        Failure   Level  Hunger
 Confusing Touch          Hex            #.....       13%         1    ##.....
 Animate Skeleton         Necr           N/A          36%         1    ##.....
 Apportation              Tloc           #.....       36%         1    ##.....
 Summon Small Mammal      Summ           #...         36%         1    ##.....


Dungeon Overview and Level Annotations

Branches:
Dungeon (9/15)             Temple (1/1) D:5            Lair (0/6) D:8
 Bailey (visited)
    Orc: D:9-12

Altars:
Ashenzari
Cheibriados
Dithmenos
Elyvilon
Fedhas
Gozag
Hepliaklqana
Kikubaaqudgha
Makhleb
Nemelex Xobeh
Okawaru
Qazlal
Ru
Sif Muna
Trog
Uskayaw
Vehumet
Wu Jian
Xom
Yredelemnul
Zin
The Shining One


Innate Abilities, Weirdness & Mutations

You are resistant to torment.
Your stone body is resilient. (AC +8)
You are immune to poison.
You resist negative energy. (rN+)
You are resistant to electric shocks. (rElec)
You can survive without breathing.
You are immune to petrification.
You are immune to rotting.


Message History

The bolt of acid hits the white ugly thing!
The white ugly thing is splashed with acid.
The white ugly thing seems to be corroded for longer.
The white ugly thing is severely wounded.
The white ugly thing pecks you. The white ugly thing freezes you!!
Evoke which item? (* to show all) (? for menu, Esc to quit)
Aiming: Corrosive Bolt
Press: ? - help, Shift-Dir - straight line, f/p - white ugly thing
Aim: a white ugly thing (severely wounded, covered in acid)
The bolt of acid hits the white ugly thing!
The white ugly thing is splashed with acid.
The white ugly thing seems to be corroded for longer.
The white ugly thing is almost dead.
The white ugly thing pecks you! The white ugly thing freezes you!!
* * * LOW HITPOINT WARNING * * *
The white ugly thing pecks you.
* * * LOW HITPOINT WARNING * * *
The white ugly thing freezes you!!
Ouch! That really hurt!
You die...

,, #....###............
,, ##...................
,
.###....................
, ,
........................
,
...................###..
, ..................##
##. ..................#
### ..................#
##.. ,
.......@..........###..#
.......u..)###....#_..##
* ..........##
##...###..# ..........#
#... ##.. * ..........#*
, ,, ### #.......... ,,
, , ##.........., , , ,
##.......... , , ,
##.......... , , , ,


You could see a white ugly thing.

Vanquished Creatures
  An orc knight (Bailey)
  Sigmund (D:5)
  Menkaure (D:7)
  2 wargs (D:8)
  An ice beast (D:8)
  2 orc warriors (D:8)
  3 sky beasts
  3 phantoms
  2 centaurs
  5 ogres
  4 big kobolds
  3 bullfrogs
  A scorpion (D:7)
  2 howler monkeys
  A crimson imp (D:7)
  2 hounds
  Crazy Yiuf (D:6)
  9 orc priests
  2 jellies
  9 orc wizards
  Jessica (D:3)
  Ijyb (D:5)
  4 iguanas
  2 worker ants (D:4)
  A hound skeleton (D:9)
  2 worker ant zombies
  17 gnolls
  15 adders
  5 shadow imps
  An ooze (D:4)
  2 adder skeletons
  2 worms (D:2)
  2 dart slugs (D:1)
  2 leopard geckos
  32 orcs
  4 ball pythons
  9 bats
  7 giant cockroaches
  14 goblins
  19 hobgoblins
  22 jackals
  3 quokkas
  4 frilled lizards
  35 kobolds
  2 leopard gecko skeletons
  6 rats
269 creatures vanquished.

Vanquished Creatures (others)
  An orc wizard (D:8)
  A gnoll (Bailey)
2 creatures vanquished.

Grand Total: 271 creatures vanquished

Notes
Turn   | Place    | Note
-------+----------+-------------------------------------------
     0 | D:1      | Borgoz the Gargoyle Gladiator began the quest for the Orb.
     0 | D:1      | Reached XP level 1. HP: 12/12 MP: 1/1
   233 | D:1      | Reached skill level 1 in Armour
   233 | D:1      | Reached XP level 2. HP: 16/17 MP: 2/2
   512 | D:1      | Reached XP level 3. HP: 11/21 MP: 3/3
  1003 | D:2      | Reached skill level 2 in Armour
  1003 | D:2      | Reached XP level 4. HP: 16/26 MP: 4/4
  1088 | D:2      | Noticed a bullfrog
  1206 | D:2      | Killed a bullfrog
  1206 | D:2      | Reached XP level 5. HP: 15/30 MP: 5/5
  1393 | D:2      | Found a hide-covered altar of Uskayaw.
  1407 | D:2      | Reached skill level 3 in Armour
  1809 | D:2      | Reached XP level 6. HP: 31/35 MP: 6/6
  2328 | D:3      | Noticed Jessica
  2332 | D:3      | Killed Jessica
  2774 | D:4      | Reached skill level 4 in Armour
  2919 | D:4      | Reached XP level 7. HP: 26/40 MP: 7/7
  3427 | D:4      | Reached skill level 5 in Long Blades
  3997 | D:4      | Reached skill level 5 in Armour
  4463 | D:5      | Entered Level 5 of the Dungeon
  4463 | D:5      | Found a staircase to the Ecumenical Temple.
  4474 | D:5      | Reached XP level 8. HP: 22/44 MP: 8/8
  4482 | Temple   | Entered the Ecumenical Temple
  4697 | Temple   | Became a worshipper of Ashenzari the Shackled
  4744 | D:5      | Noticed Sigmund
  4763 | D:5      | Killed Sigmund
  4763 | D:5      | Reached skill level 5 in Dodging
  5231 | D:5      | Reached skill level 6 in Armour
  5415 | D:5      | Noticed Ijyb
  5431 | D:5      | Killed Ijyb
  5936 | D:6      | Found a stormy altar of Qazlal.
  6338 | D:6      | Reached XP level 9. HP: 46/48 MP: 9/9
  6374 | D:6      | Found a burning altar of Makhleb.
  6495 | D:6      | Found an iron altar of Okawaru.
  6765 | D:6      | Found a runed translucent door.
  6766 | D:6      | Noticed Crazy Yiuf
  6893 | D:6      | Killed Crazy Yiuf
  6893 | D:6      | Reached skill level 7 in Armour
  7095 | D:7      | Reached * piety under Ashenzari
  7449 | D:8      | Found a staircase to the Lair.
  7490 | D:8      | Reached skill level 1 in Evocations
  8473 | D:7      | Found a shimmering altar of Xom.
  8474 | D:7      | Noticed Menkaure
  8491 | D:7      | Killed Menkaure
  8729 | D:7      | Reached skill level 8 in Armour
  8763 | D:7      | Reached XP level 10. HP: 41/58 MP: 11/11
 10199 | D:9      | Found a flagged portal.
 10208 | Bailey   | Entered a bailey
 10255 | Bailey   | Reached skill level 5 in Fighting
 10331 | Bailey   | Noticed an orc knight
 10452 | Bailey   | Killed an orc knight
 10740 | D:9      | Reached skill level 9 in Armour
 10740 | D:9      | Reached XP level 11. HP: 67/67 MP: 12/14
 10741 | D:9      | Reached ** piety under Ashenzari
 10903 | D:9      | Found a shimmering blue altar of Sif Muna.
 10903 | D:9      | Found a faded altar of an unknown god.
 10908 | D:9      | Found a glowing silver altar of Zin.
 10910 | D:9      | Found a faded altar of an unknown god.
 10912 | D:9      | Found a sacrificial altar of Ru.
 10949 | D:9      | Noticed a white ugly thing
 10955 | D:9      | Annihilated by a white ugly thing

Levels and vault maps discovered:
D:1:      lightli_arrival_flooded_house, layout_loops_corners
D:2:      layout_rooms, eat_drink_and_be_merry_uskayaw, minmay_tromino_i2
D:3:      layout_loops_ring, st_stairs_7, serial_bayou_crossing, uniq_jessica
D:4:      layout_gridville, first_ration
D:5:      layout_basic, temple_statues, uniq_ijyb, uniq_sigmund
D:6:      layout_loops_ring, lemuel_doored_altar, okawaru_altar_gauntlet_db,
          nicolae_overflow_hidden_temple, minivault_4, uniq_crazy_yiuf_cottage
D:7:      layout_basic, xom_butterflies, uniq_menkaure
D:8:      layout_loops_corners, erik_lair_orcish_takeover, blue_anna_alchemist
          [blue_anna_fruit_fields, blue_anna_fruit_fields],
          kennysheep_generic_room_14
D:9:      layout_big_octagon, chequers_temple_overflow_minitemple,
          enter_bailey_2
Temple:   eino_narrow_crystal_temple

Skill      XL: |  1  2  3  4  5  6  7  8  9 10 |
---------------+-------------------------------+-----
Armour         | 1 2 3 4 5 6 8 9 |  9.9
Long Blades    | 3 4 5 6 7 8 |  8.8
Dodging        | 3 4 5 6 8 |  8.0
Fighting       | 4 7 |  7.2
Evocations     | 2 |  2.7
Spellcasting   | 2 |  2.5
Hexes          | 2 |  2.5
Throwing       | |  1.7

Action                   |  1- 3 |  4- 6 |  7- 9 | 10-12 || total
-------------------------+-------+-------+-------+-------++-------
Melee: Long sword        |    88 |   224 |   615 |   196 ||  1123
Throw: Throwing net      |       |     1 |     3 |       ||     4
Invok: Curse Item        |       |       |     1 |     1 ||     2
Evoke: Wand              |       |       |     2 |     8 ||    10
  Use: Potion            |       |     1 |     4 |     3 ||     8
       Scroll            |       |       |     5 |     5 ||    10
 Stab: Sleeping          |       |     1 |       |       ||     1
       Held in net/web   |       |       |     1 |       ||     1
       Distracted        |       |       |     1 |       ||     1
       Invisible         |       |       |       |     1 ||     1
  Eat: Chunk             |       |     7 |    17 |     4 ||    28
       Ration            |       |       |     1 |     1 ||     2
Armor: Leather armour    |    50 |   115 |   238 |    72 ||   475
Dodge: Dodged            |    76 |   192 |   440 |   215 ||   923
       Rpst.: Long sword |    28 |    54 |   134 |    52 ||   268

Table legend:
 A = Non-vault XP
 B = Vault XP
 C = Vault XP percentage of total XP
 D = Non-vault monster count
 E = Vault monster count
 F = Vault count percentage of total count
                 A         B        C        D         E       F
            +---------+---------+-------+---------+---------+-------
      Total |    4141 |    2119 |  33.8 |     211 |      59 |  21.9
            +---------+---------+-------+---------+---------+-------
        D:1 |      52 |       0 |   0.0 |      27 |       0 |   0.0
        D:2 |     279 |       5 |   1.8 |      38 |       1 |   2.6
        D:3 |     173 |      51 |  22.8 |      22 |       2 |   8.3
        D:4 |     601 |       0 |   0.0 |      25 |       0 |   0.0
        D:5 |     475 |     248 |  34.3 |      14 |       2 |  12.5
        D:6 |     511 |      69 |  11.9 |      17 |       7 |  29.2
        D:7 |     795 |     183 |  18.7 |      22 |       1 |   4.3
        D:8 |     905 |     770 |  46.0 |      27 |      12 |  30.8
        D:9 |     350 |       0 |   0.0 |      19 |       0 |   0.0
     Bailey |       0 |     793 | 100.0 |       0 |      34 | 100.0
            +---------+---------+-------+---------+---------+-------
